 Dungeon Crawl Stone Soup version 0.19-a0-1511-g16f215b (webtiles) character file.

979 4thArraOfDagon the Carver (level 7, 0/64 HPs)
             Began as a Minotaur Berserker on Sept 11, 2016.
             Was a Follower of Trog.
             Slain by a killer bee (4 damage)
             ... on level 8 of the Dungeon.
             The game lasted 00:03:29 (584 turns).

4thArraOfDagon the Carver (Minotaur Berserker)       Turns: 584, Time: 00:03:30

Health: 0/64       AC: 10    Str: 22    XL:     7   Next: 96%
Magic:  6/6        EV:  8    Int:  5    God:    Trog [*.....]
Gold:   14         SH:  0    Dex: 10    Spells: 0 memorised, 6 levels left

rFire  . . .     SeeInvis .     i - +0 scimitar (flame)
rCold  . . .     Gourm    .     n - +0 chain mail (curse)
rNeg   . . .     Faith    .     (no shield)
rPois  .         Spirit   .     (helmet restricted)
rElec  .         Dismiss  .     (no cloak)
rCorr  .         Reflect  .     (no gloves)
MR     ++...     Harm     .     (no boots)
Stlth  ..........               (no amulet)
                                (no ring)
                                (no ring)

@: lethally poisoned (0 -> -6), regenerating
A: retaliatory headbutt, horns 2
a: Berserk, Burn Spellbooks, Renounce Religion


You were on level 8 of the Dungeon.
You worshipped Trog.
Trog was aware of your devotion.
You were near starving.

You visited 1 branch of the dungeon, and saw 6 of its levels.

You collected 14 gold pieces.

Inventory:

Hand Weapons
 a - a +0 falchion
 d - a +0 dagger of venom
 i - a +0 scimitar of flaming (weapon)
Armour
 b - a +0 animal skin
 n - a cursed +0 chain mail (worn)
Scrolls
 e - a scroll of identify
 m - a scroll of remove curse
Comestibles
 c - a bread ration
 h - 2 beef jerkies
 j - a meat ration


   Skills:
 + Level 6.5 Fighting
 * Level 8.8 Long Blades
 + Level 5.7 Armour
 - Level 2.1 Dodging


You had 6 spell levels left.
You didn't know any spells.

Dungeon Overview and Level Annotations

Branches:
Dungeon (8/15)               Lair (0/6) D:8
 Temple: D:4-7

Altars:
Kikubaaqudgha
Sif Muna
Vehumet


Innate Abilities, Weirdness & Mutations

You reflexively headbutt those who attack you in melee.
You have a pair of horns on your head.


Message History

The killer bee stings you but does no damage.
The killer bee barely misses you.
Unknown command.
Unknown command.
Unknown command.
You closely miss the killer bee. Your headbutt misses the killer bee.
The killer bee is lightly wounded.
* * * LOW HITPOINT WARNING * * *
You feel very sick.
The killer bee stings you but does no damage.
Unknown command.
Unknown command.
Unknown command.
Unknown command.
You hit the killer bee. You burn the killer bee.
Your headbutt misses the killer bee.
The killer bee is heavily wounded.
* * * LOW HITPOINT WARNING * * *
You feel sick. The killer bee stings you.
You die...

*,*****,,,,,,******,** * *,*
*,***,,,,,,,,..**** * *,* *,*
*,,,,,,,...,,,* * *,* *,*
********#.#**,***** *,* *,* #.#
*,,,,,, ***,* *,* #.# *,*****
***,*,* *,* #.# #.# *
,,,*,,***##.###########.###.####
***,,,,,,.......@yy5..†........#
***,***##.#######..##.###..#.##
*,,,,,,,,,,,.....##.###..#.##
******,,***####y......(......
*,** #..##.###.....#
*******,****** #..##..........
*,,,,,,,,,,,,**#yy######.....#
*,*****,****,,,.....F..$......
*,* *,,,,,,,**,.........####


You could see 2 killer bees and a crimson imp.

Vanquished Creatures
  Erica (D:8)
  Prince Ribbit (D:8)
  2 killer bees (D:8)
  A crimson imp (D:8)
  A worker ant zombie (D:8)
  A giant gecko (D:1)
  An orc (D:7)
  A bat (D:3)
  6 goblins
  4 hobgoblins
  3 quokkas
  2 kobolds (D:2)
  2 rats
26 creatures vanquished.

Notes
Turn   | Place    | Note
-------+----------+-------------------------------------------
     0 | D:1      | 4thArraOfDagon the Minotaur Berserker began the quest for the Orb.
     0 | D:1      | Reached XP level 1. HP: 19/19 MP: 0/0
    87 | D:1      | Reached XP level 2. HP: 12/27 MP: 1/1
   105 | D:2      | Reached skill level 4 in Long Blades
   132 | D:2      | HP: 1/27 [kobold (3)]
   240 | D:3      | Found an ancient bone altar of Kikubaaqudgha.
   240 | D:3      | Found a deep blue altar of Sif Muna.
   242 | D:3      | Found a radiant altar of Vehumet.
   246 | D:3      | Identified Kikubaaqudgha's Papyrus of Necromancy
   387 | D:4      | You fall through a shaft for 3 floors!
   397 | D:7      | Reached ** piety under Trog
   459 | D:8      | Noticed a crimson imp
   460 | D:8      | Noticed Erica
   479 | D:8      | Reached XP level 3. HP: 32/33 MP: 2/2
   499 | D:8      | Killed Erica
   499 | D:8      | Reached skill level 5 in Fighting
   499 | D:8      | Reached skill level 7 in Long Blades
   499 | D:8      | Reached skill level 5 in Armour
   499 | D:8      | Reached XP level 4. HP: 44/44 MP: 3/3
   499 | D:8      | Reached XP level 5. HP: 50/50 MP: 4/4
   499 | D:8      | Reached XP level 6. HP: 57/57 MP: 5/5
   499 | D:8      | Reached XP level 7. HP: 62/62 MP: 6/6
   539 | D:8      | Noticed Prince Ribbit
   556 | D:8      | Killed Prince Ribbit
   556 | D:8      | Reached skill level 8 in Long Blades
   579 | D:8      | 4thArraOfDagon: :)
   579 | D:8      | 4thArraOfDagon: rip
   584 | D:8      | Slain by a killer bee

Vault maps used:
D:1:      sevenhm_arrival_forest_fort_small_5, minmay_strange_pillars
D:2:      first_bread, corexii_shack, minmay_misc_feat_columns,
          minmay_misc_feat_encased
D:3:      grunt_temple_overflow_magic_moments, kennysheep_generic_room_3
D:4:      kennysheep_slugbush, overflow_temple_1_default, minivault_4,
          uniq_duvessa
D:7:      kennysheep_small_square
D:8:      david_lair_generic, the_bakery, grunt_ministairs_15, worms_lemuel,
          uniq_prince_ribbit1, uniq_erica, uniq_psyche

Skill      XL: |  1  2  3  4  5  6  7 |
---------------+----------------------+-----
Long Blades    | 4 7 8 |  8.8
Fighting       | 4 5 6 |  6.5
Armour         | 5 |  5.7
Dodging        | |  2.1

Action                   |  1- 3 |  4- 6 |  7- 9 || total
-------------------------+-------+-------+-------++-------
Melee: Falchion          |    66 |       |     3 ||    69
       Headbutt          |     6 |       |     1 ||     7
       Scimitar          |       |       |    30 ||    30
Invok: Trog's Hand       |     1 |       |     3 ||     4
       Berserk           |     1 |       |       ||     1
       Burn Spellbooks   |       |       |     1 ||     1
  Use: Potion            |     3 |       |       ||     3
       Scroll            |       |       |     3 ||     3
 Stab: Invisible         |     4 |       |     1 ||     5
Armor: Animal skin       |     3 |       |       ||     3
       Skin              |    14 |       |       ||    14
       Chain mail        |       |       |    18 ||    18
Dodge: Dodged            |    25 |       |    18 ||    43
